Map: Year Zero LE

Players

FtwoAbuser

  • Race: Terran Terran
  • League: Master
  • Spawn Location: 11:00

Bundaberg - Winner!

  • Race: Zerg Zerg
  • League: Master
  • Spawn Location: 1:00

VOD

Have the link to the VOD?

Description

Time

  • Played on: Jan. 31, 2019, 8:42 a.m.
  • Length: 5:58
Show
View Real Time Build Order
Export as new Build Order

FtwoAbuser Terran 

Build Orders: Mech 

Get SALT Encoding   

  12  0:01  SCV  
  13  0:13  SCV  
  14  0:19  Supply Depot  
  14  0:25  SCV  
  15  0:31  Refinery  
  15  0:40  SCV  
  16  0:47  Barracks  
  16  0:52  SCV  
  17  1:04  SCV  
  18  1:16  SCV  
  19  1:30  SCV  
  20  1:34  Reaper  
  21  1:42  Orbital Command  
  21  1:52  Command Center  
  21  2:03  Factory  
  21  2:08  SCV  
  21  2:15  Supply Depot  
  22  2:18  Barracks Reactor  
  22  2:33  SCV  
  22  2:36  Refinery  
  23  2:45  SCV  
  24  2:52  Factory  
  24  2:57  SCV  
  25  3:00  Hellion  
  25  3:01  Hellion, Barracks Tech Lab  
  29  3:07  Orbital Command  
  29  3:09  SCV  
  30  3:21  SCV  
  30  3:26  Orbital Command  
  31  3:33  SCV  
  32  3:45  SCV  
  32  3:47  Siege Tank  
  36  3:49  Barracks Tech Lab  
  36  3:51  Hellion x2, Factory  
  40  3:56  SCV  
  40  3:58  SCV  
  40  4:01  Supply Depot  
  42  4:09  SCV  
  43  4:10  SCV  
  44  4:21  SCV  
  44  4:22  SCV  
  44  4:23  Supply Depot  
  46  4:32  Supply Depot  
  46  4:33  Supply Depot, SCV, Cyclone, Infernal Pre-Igniter  
  51  4:38  SCV  
  51  4:45  SCV  
  52  4:50  SCV  
  52  4:51  Refinery  
  53  4:56  Cyclone  
  53  4:57  SCV, Hellion  
  59  5:02  SCV  
  60  5:09  SCV  
  61  5:14  SCV, Command Center  
  48  5:39  SCV  
  35  5:43  SCV  
Show
View Real Time Build Order
Export as new Build Order

Bundaberg Zerg - Winner!

Build Orders: Pool First, Roach Nydus 

Get SALT Encoding   

  12  0:01  Drone  
  13  0:14  Overlord  
  13  0:18  Drone  
  14  0:34  Drone  
  14  0:35  Drone  
  16  0:37  Drone  
  17  0:48  Spawning Pool  
  16  0:50  Drone  
  17  1:00  Drone  
  18  1:14  Hatchery  
  18  1:15  Extractor  
  18  1:18  Drone  
  17  1:31  Drone  
  18  1:36  Zergling x2  
  19  1:40  Queen  
  19  1:42  Drone  
  22  1:51  Overlord  
  22  2:15  Queen  
  22  2:16  Drone x2  
  26  2:26  Queen  
  26  2:27  Metabolic Boost  
  26  2:29  Drone  
  30  2:30  Drone  
  30  2:41  Drone x2  
  32  2:47  Overlord  
  32  2:49  Drone x4  
  36  2:58  Lair  
  36  3:13  Drone  
  36  3:16  Drone  
  36  3:18  Hatchery  
  37  3:23  Drone x3  
  40  3:35  Drone x3  
  40  3:36  Roach Warren  
  42  3:42  Extractor  
  42  3:43  Extractor, Queen  
  42  3:47  Overlord  
  42  3:55  Drone  
  42  3:56  Drone  
  44  4:03  Nydus Network  
  44  4:05  Drone x2  
  44  4:06  Drone x2  
  44  4:08  Drone  
  44  4:09  Drone  
  49  4:16  Overlord  
  49  4:17  Overlord  
  49  4:22  Roach  
  51  4:27  Overseer  
  51  4:30  Roach  
  51  4:31  Roach  
  55  4:36  Roach x2  
  59  4:42  Queen  
  61  4:47  Roach  
  61  4:48  Roach x2  
  67  4:56  Roach x3  
  67  4:58  Overlord  
  73  5:04  Nydus Canal  
  73  5:11  Overlord  
  72  5:33  Roach  
  72  5:34  Roach x8  
  90  5:41  Nydus Canal  
Tags
 
Composition
Mech
Matchup
TvZ
Opening
Pool First
Spawn Locations
Close Positions
Strategy
Roach Nydus
Add a new tag
Caveats
  • Supply blocks, unpowered buildings, or Contaminate may cause inaccurate times.
  • Supply counts are checked every 10 seconds.